 Dungeon Crawl Stone Soup version bcrawl-1.13.5 (webtiles) character file.

Game seed: 6408739449371183184

6684 DawwaD the Cleaver (level 10, -10/89 HPs)
             Began as a Minotaur Berserker on Aug 23, 2019.
             Was a High Priest of Trog.
             Killed by divine providence
             ... invoked by an orc priest
             ... summoned by an orange crystal statue
              (13 damage)
             ... on level 8 of the Dungeon.
             The game lasted 00:30:08 (7018 turns).

DawwaD the Cleaver (Minotaur Berserker)             Turns: 7018, Time: 00:30:09

Health: -10/89     AC: 20    Str: 26    XL:     10   Next: 73%
Magic:  4/9        EV:  9    Int: -3 (4) God:    Trog [*****.]
Gold:   463        SH:  0    Dex:  9    Spells: 9/9 levels left

rFire    . . .     SeeInvis .   G - +4 broad axe (freeze)
rCold    . . .     Gourm    .   s - +0 shield
rNeg     . . .     Faith    .   A - +3 chain mail
rPois    .         Spirit   .   (helmet restricted)
rElec    +         Reflect  .   z - +2 cloak
rCorr    .         Harm     .   k - +0 pair of gloves
MR       .....                  n - +0 pair of boots
Stlth    ..........             d - amulet of regeneration
HPRegen  0.64/turn              J - ring of insulation
MPRegen  0.11/turn              (no ring)

@: confused, slowed, lost intelligence, very slow
A: retaliatory headbutt, horns 2
a: Berserk, Trog's Hand, Brothers in Arms, Renounce Religion


You were on level 8 of the Dungeon.
You worshipped Trog.
Trog was extremely pleased with you.
You were not hungry.

You visited 1 branch of the dungeon, and saw 8 of its levels.
You also visited: Ossuary.

You collected 463 gold pieces.

Inventory:

Hand Weapons
 G - a +4 broad axe of freezing (weapon)
 I - the +6 morningstar of Vehier {crush, Int+2, unknown}
   (You found it on level 7 of the Dungeon)

   It inflicts extra damage upon your enemies.
   It affects your intelligence (+2).
 K - a +2 war axe of chopping
Missiles
 p - a throwing net (quivered) {!f}
Armour
 k - a +0 pair of gloves (worn)
 n - a +0 pair of boots (worn)
 s - a +0 shield (worn)
 v - a scarf of resistance
 w - the +1 cloak "Veoraixu" {rElec}
   (You found it on level 7 of the Dungeon)

   It insulates you from electricity.
 z - a +2 cloak (worn)
 A - a +3 chain mail (worn)
 E - a +2 ring mail of fire resistance
 M - the cursed +1 ring mail of Defiance {-Tele rCorr Slay+3, unknown}
   (You found it on level 8 of the Dungeon)

   It affects your accuracy and damage with ranged weapons and melee attacks
   (+3).
   It prevents most forms of teleportation.
   It provides partial protection from all sources of acid and corrosion.
   It has a curse placed upon it.
Jewellery
 d - an amulet of regeneration (around neck)
 f - an uncursed amulet of the acrobat
 J - a ring of insulation (left hand)
 N - a +2 ring of evasion {unknown}
Wands
 a - a wand of scattershot (5)
 B - a wand of random effects (12)
Scrolls
 b - a scroll of enchant weapon {unknown}
 i - 3 scrolls of fear
 l - 3 scrolls of fog
 m - 3 scrolls of magic mapping
 o - a scroll of immolation {unknown}
 q - 3 scrolls of teleportation
 r - 5 scrolls of remove curse
 x - a scroll of blinking {unknown}
 y - 5 scrolls of enchant armour
Potions
 e - 2 potions of heal wounds {unknown}
 g - a potion of cancellation {unknown}
 h - 9 potions of curing
 j - 4 potions of ambrosia
 t - a potion of might {unknown}
 u - 3 potions of flight
 C - 2 potions of haste {unknown}
 D - a potion of brilliance {unknown}
Miscellaneous
 F - a lamp of fire
 H - a fan of gales
Comestibles
 c - 16 rations {!d}
 L - 4 chunks of flesh


   Skills:
 + Level 8.3 Fighting
 + Level 12.4 Axes
 + Level 9.4 Armour
 + Level 5.7 Dodging
 + Level 0.6 Stealth
 + Level 7.9 Shields


You had 9 spell levels left.
You didn't know any spells.
Your spell library contained the following spells:

 Spells                   Type           Power        Failure   Level  Hunger
 Animate Skeleton         Necr           N/A          100%        1    ##.....
 Magic Dart               Conj           #...         100%        1    ##.....
 Pain                     Necr           #...         100%        1    ##.....
 Sting                    Conj/Pois      #...         100%        1    ##.....
 Poisonous Vapours        Pois/Air       #.....       100%        2    ###....
 Searing Ray              Conj           #.....       100%        2    ###....
 Ignite Poison            Fire/Tmut/Pois #.......     100%        3    ####...
 Iskenderun's Mystic Bla  Conj           #.......     100%        3    ####...
 Regeneration             Chrm/Necr      #.........   100%        3    ####...
 Vampiric Draining        Necr           #.........   100%        3    ####...
 Animate Dead             Necr           N/A          100%        4    #####..
 Fulminant Prism          Conj/Hex       #.........   100%        4    #####..
 Olgreb's Toxic Radiance  Pois           #.......     100%        4    #####..
 Summon Scorpions         Summ/Pois      #.......     100%        4    #####..
 Bolt of Draining         Conj/Necr      #.........   100%        5    ######.
 Irradiate                Conj/Tmut      #.........   100%        5    ######.
 Venom Bolt               Conj/Pois      #.........   100%        5    ######.


Dungeon Overview and Level Annotations

Branches:
Dungeon (8/12)             Temple (0/1) D:4
   Lair: D:7-9          Orc: D:8-11

Altars:
Dithmenos
Okawaru
Qazlal
Trog
Vehumet
Xom
Zin

Annotations:
D:8 1 runed door, exclusion: 4 orange crystal statues


Innate Abilities, Weirdness & Mutations

You reflexively headbutt those who attack you in melee.
You have a pair of horns on your head.


Message History

You closely miss the jackal. You miss the sky beast.
You closely miss the adder. You barely miss the worker ant. You hit the iguana.
The iguana seems to slow down.
You freeze the iguana.
You kill the iguana!
The iguana's corpse dissolves into shadows!
You hit the iguana but do no damage.
The two-headed ogre dissolves into shadows!
The hungry ghost dissolves into shadows!
The adder closely misses you. The jackal barely misses you.
The worker ant closely misses you. The sky beast closely misses you.
The iguana bites you!
* * * LOW HITPOINT WARNING * * *
The adder barely misses you. The worker ant completely misses you.
The orange crystal statue glitters.
You are more confused.
The orange crystal statue glitters topaz in the dim dungeon light.
The jackal barely misses you.
The orc priest invokes the aid of Beogh against you.
Beogh smites you!
You die...

.# #..# ..## #.##
...# ###
####+####.## .
#8.....8#..# ..
#.#...#.#..# #
...#...hO..#..####
#
...#o.YSaZ.#.....##
#
#..h@ahK#.###..###
# #O#S.l#.#.#
#....# #
#8oooKK8#.# ##...##
# #.####K####.#
#....# #
#...........#
#....# #
####......###
##...### #......#
#...... ##.....#
###....# ##....#
###.....##


You could see 4 orange crystal statues, a sky beast, a big kobold, 2 ogres, an
iguana, 2 worker ants, 2 orc priests, an orc wizard, 2 adders, an orc, a centaur
zombie, 3 jackals and 3 kobolds.

Vanquished Creatures
  A cyclops (D:6)
  The ghost of cirnu the Chopper, a novice DsFi (D:6)
  A troll (D:7)
  3 hippogriffs
  A human (D:7)
  A wyvern (D:6)
  A steam dragon (D:7)
  4 hogs (D:7)
  A hungry ghost (D:7)
  Edmund (D:4)
  An acid dragon (D:6)
  2 water moccasins
  A black bear (D:6)
  An orc warrior (D:8)
  3 ice beasts
  2 sky beasts
  A phantom (D:8)
  A necrophage (D:7)
  A centaur (D:7)
  Blork the orc (D:5)
  3 bullfrogs
  3 big kobolds (D:7)
  A wyvern zombie (D:7)
  3 water moccasin zombies (Ossuary)
  2 scorpions (D:7)
  13 killer bees
  2 howler monkeys
  3 crimson imps
  2 centaur zombies
  4 jellies
  2 bullfrog zombies
  3 hounds
  2 orc priests
  An iguana (D:6)
  3 orc wizards
  A centaur skeleton (D:8)
  4 worker ants
  A killer bee simulacrum (D:7)
  2 mummies (Ossuary)
  A gnoll (D:3)
  A howler monkey skeleton (D:8)
  6 adders
  An ooze (D:1)
  14 adder zombies
  An adder skeleton (D:5)
  3 worms
  4 dart slugs
  2 leopard geckos
  24 orcs
  3 giant cockroaches
  7 goblins
  7 hobgoblins
  3 jackals
  3 quokkas
  A ball python (D:1)
  4 bats
  2 frilled lizards
  2 gnoll zombies (Ossuary)
  3 hobgoblin zombies (Ossuary)
  A jackal zombie (D:6)
  12 kobolds
  3 kobold zombies (Ossuary)
  7 orc zombies (Ossuary)
  8 rats
207 creatures vanquished.

Notes
Turn   | Place    | Note
-------+----------+-------------------------------------------
     0 | D:1      | DawwaD the Minotaur Berserker began the quest for the Orb.
     0 | D:1      | Reached XP level 1. HP: 19/19 MP: 0/0
   314 | D:1      | Reached skill level 4 in Axes
   314 | D:1      | Reached XP level 2. HP: 25/27 MP: 1/1
   691 | D:1      | Reached XP level 3. HP: 25/33 MP: 2/2
  1180 | D:2      | Found a glowing silver altar of Zin.
  1200 | D:2      | Reached ** piety under Trog
  1450 | D:2      | Reached XP level 4. HP: 41/41 MP: 3/3
  1708 | D:2      | Found a faded altar of an unknown god.
  1769 | D:3      | Found a shadowy altar of Dithmenos.
  1916 | D:3      | Reached skill level 5 in Axes
  1916 | D:3      | Reached XP level 5. HP: 47/47 MP: 4/4
  2287 | D:3      | Found an iron altar of Okawaru.
  2305 | D:3      | Reached *** piety under Trog
  2349 | D:3      | Reached skill level 1 in Shields
  2598 | D:4      | Noticed a sky beast
  2602 | D:4      | Killed a sky beast
  2602 | D:4      | Reached XP level 6. HP: 55/55 MP: 5/5
  2604 | D:4      | Found a staircase to the Ecumenical Temple.
  2638 | D:4      | Found a bloodstained altar of Trog.
  2708 | D:4      | Noticed Edmund
  2719 | D:4      | Killed Edmund
  2719 | D:4      | Reached skill level 5 in Fighting
  2719 | D:4      | Reached skill level 6 in Axes
  3375 | D:5      | Entered Level 5 of the Dungeon
  3706 | D:5      | Found a stormy altar of Qazlal.
  3716 | D:5      | Reached XP level 7. HP: 60/61 MP: 6/6
  4051 | D:5      | Noticed Blork the orc
  4064 | D:5      | Killed Blork the orc
  4064 | D:5      | Reached skill level 5 in Armour
  4489 | D:6      | Noticed a wyvern
  4495 | D:6      | Reached skill level 7 in Axes
  4501 | D:6      | Killed a wyvern
  4545 | D:6      | Noticed a cyclops
  4564 | D:6      | Noticed a hippogriff
  4566 | D:6      | Killed a cyclops
  4566 | D:6      | Reached skill level 8 in Axes
  4566 | D:6      | Reached XP level 8. HP: 70/70 MP: 7/7
  4568 | D:6      | Killed a hippogriff
  4601 | D:6      | Reached skill level 9 in Axes
  4643 | D:6      | Noticed cirnu's ghost (novice DsFi)
  4657 | D:6      | Found a transporter.
  4660 | D:6      | Found a transporter.
  4685 | D:6      | Killed cirnu's ghost
  4685 | D:6      | Reached **** piety under Trog
  4685 | D:6      | Reached XP level 9. HP: 64/78 MP: 8/8
  4864 | D:6      | Reached skill level 5 in Shields
  5166 | D:7      | Found a shimmering altar of Xom.
  5244 | D:7      | Reached skill level 10 in Axes
  5423 | D:7      | Got a transparent cloak
  5439 | D:7      | Identified the +1 cloak "Veoraixu" {rElec} (You found it on
                  | level 7 of the Dungeon)
  5499 | D:7      | Found a sand-covered staircase.
  5513 | Ossuary  | Entered an ossuary
  5612 | Ossuary  | Reached skill level 5 in Dodging
  5639 | Ossuary  | Reached ***** piety under Trog
  5673 | Ossuary  | Reached skill level 11 in Axes
  5828 | D:7      | Reached XP level 10. HP: 86/86 MP: 9/9
  6071 | D:7      | Got a pitted morningstar
  6247 | D:7      | Received a gift from Trog
  6436 | D:8      | Reached skill level 12 in Axes
  6515 | D:8      | Found a radiant altar of Vehumet.
  6923 | D:8      | Got a dazzling ring mail
  6979 | D:8      | Found the +10 large shield of Ignorance {rN+ Int-4}
  6985 | D:8      | Found a runed door.
  6990 | D:8      | Noticed an orange crystal statue
  6990 | D:8      | Noticed an orange crystal statue
  6990 | D:8      | Noticed an orange crystal statue
  6990 | D:8      | Noticed an orange crystal statue
  7010 | D:8      | Found a runed door.
  7014 | D:8      | Noticed a two-headed ogre
  7014 | D:8      | Lost intelligence.
  7018 | D:8      | HP: 3/89 [iguana[an orange crystal statue] (9)]
  7018 | D:8      | Killed from afar by an orc priest

Skill      XL: |  1  2  3  4  5  6  7  8  9 10 |
---------------+-------------------------------+-----
Fighting       | 4 5 6 7 8 |  8.3
Axes           | 4 5 6 8 9 11 12 | 12.4
Armour         | 3 4 6 7 8 9 |  9.4
Dodging        | 3 4 5 |  5.7
Shields        | 1 2 3 4 6 7 |  7.9
Stealth        | |  0.6

Action                   |  1- 3 |  4- 6 |  7- 9 | 10-12 || total
-------------------------+-------+-------+-------+-------++-------
Melee: Hand axe          |    85 |    94 |   279 |    68 ||   526
       Headbutt          |    12 |    28 |    63 |    26 ||   129
       Broad axe         |       |       |       |    89 ||    89
Invok: Berserk           |       |     2 |     6 |     1 ||     9
       Trog's Hand       |       |       |     1 |       ||     1
  Use: Scroll            |       |       |     6 |     3 ||     9
       Potion            |       |       |     1 |       ||     1
  Eat: Chunk             |     2 |     2 |     4 |     6 ||    14
       Ration            |       |     2 |     3 |       ||     5
Armor: Ring mail         |    28 |       |       |       ||    28
       Scale mail        |       |    39 |    30 |       ||    69
       Chain mail        |       |       |    84 |   145 ||   229
Dodge: Dodged            |    49 |    27 |   105 |    72 ||   253
Block: Shield            |       |    41 |   135 |   109 ||   285
